 Dungeon Crawl Stone Soup version 0.27.1-33-g824d729ab1 (webtiles) character file.

Game seed: 15469099481875057109

63 sking99 the Gusty (level 4, 41/41 HPs)
             Began as an Ogre Air Elementalist on Dec 10, 2021.
             Was an Initiate of Fedhas.
             Quit the game on level 3 of the Dungeon.
             The game lasted 00:06:03 (3206 turns).

sking99 the Gusty (Ogre Air Elementalist)           Turns: 3206, Time: 00:06:03

Health: 41/41      AC:  3    Str: 13    XL:     4   Next: 10%
Magic:  6/8        EV:  9    Int: 16    God:    Fedhas [......]
Gold:   208        SH:  0    Dex:  9    Spells: 4/9 levels left

rFire    . . .     SeeInvis .   (no weapon)
rCold    . . .     Faith    .   (no shield)
rNeg     . . .     Spirit   .   a - +0 robe
rPois    .         Reflect  .   (helmet restricted)
rElec    .         Harm     .   (no cloak)
rCorr    .         Rampage  .   (gloves unavailable)
Will     .....                  (boots unavailable)
Stlth    +.........             (no amulet)
HPRegen  0.13/turn              e - ring of wizardry
MPRegen  0.11/turn              (no ring)

@: no status effects
A: large, unfitting armour, tough skin 1
a: Renounce Religion


You were on level 3 of the Dungeon.
You worshipped Fedhas.
Fedhas was noncommittal.
You visited 1 branch of the dungeon, and saw 3 of its levels.

You collected 208 gold pieces.

Inventory:

Armour
 a - a +0 robe (worn)
Jewellery
 e - a ring of wizardry (left hand)
Scrolls
 b - a scroll of fear {unknown}
 d - a scroll of fog {unknown}
 f - a scroll of teleportation {unknown}
 g - a scroll of brand weapon {unknown}
 h - a scroll of identify {unknown}
Potions
 c - 2 potions of flight


   Skills:
 + Level 1.6 Fighting
 - Level 1.7 Dodging
 - Level 1.4 Stealth
 + Level 3.0 Spellcasting
 * Level 2.0 Conjurations
 * Level 3.3 Air Magic
 + Level 0.2 Poison Magic


You had 4 spell levels left.
You knew the following spells:

 Your Spells              Type           Power      Damage    Failure   Level
a - Shock                 Conj/Air       40%        1d5       2%          1
b - Poisonous Vapours     Pois/Air       16%        N/A       6%          2
s - Static Discharge      Conj/Air       10%        N/A       4%          2

Your spell library contained the following spells:

 Spells                   Type           Power      Damage    Failure   Level
 Foxfire                  Conj/Fire      20%        2x1d5     4%          1
 Swiftness                Air            13%        N/A       6%          3
 Sting                    Tmut/Pois      8%         1d3       8%          1
 Conjure Flame            Conj/Fire      5%         6-21      16%         3
 Airstrike                Air            6%         N/A       19%         4
 Inner Flame              Hex/Fire       2%         N/A       22%         3
 Olgreb's Toxic Radiance  Pois           3%         N/A       52%         4
 Cause Fear               Hex            1%         N/A       56%         4
 Discord                  Hex            1%         N/A       100%        8


Dungeon Overview and Level Annotations

Branches:
Dungeon (3/15)

Altars:
Fedhas

Annotations:
D:3 Grinder, Sigmund


Innate Abilities, Weirdness & Mutations

You are too large for most types of armour.
You have tough skin. (AC +1)


Message History

There is a stone staircase leading up here.
You climb upwards.
Reactivating autopickup.
There is a stone staircase leading down here.
You start resting.
You flicker for a moment.
You start resting.
You flicker back into view.
You start resting.
Magic restored.
Your magical contamination has completely faded away.
You start resting.
HP restored.
There is a blossoming altar of Fedhas here.
There is a stone staircase leading down here.
You climb downwards.
Level annotation: Grinder, Sigmund
There is a stone staircase leading up here.
Found a stone staircase leading down.
There is a stone staircase leading down here.
Casting: Poisonous Vapours (safe; 6% risk of failure)
Confirm with . or Enter, or press ? or * to list all spells.
You can't see any susceptible monsters within range! (Use Z to cast anyway.)
Casting: Poisonous Vapours (safe; 6% risk of failure)
Confirm with . or Enter, or press ? or * to list all spells.
Aiming: Shock (safe; 2% risk of failure)
Press: ? - help, Shift-Dir - straight line, f - Grinder
Aim: Grinder (wandering, hasn't noticed you, 64% to hit)
The zap hits Grinder but does no damage.
Grinder shouts!
Grinder gestures at you. You resist with significant effort.
Casting: Shock (safe; 2% risk of failure)
Confirm with . or Enter, or press ? or * to list all spells.
Aiming: Shock (safe; 2% risk of failure)
Press: ? - help, Shift-Dir - straight line, f/p - Grinder
Aim: Grinder (64% to hit)
The zap misses Grinder.
Okay, then.
Are you sure you want to abandon this character and quit the game? (Confirm with "yes".)

............#
#...........##
.J...#......##
.###.######## ##
....##### ........###
#K####@..##### ######
.......##.....#####.....
........#####.........^.
K........# ######......
.........##########.....
.................<......
....5....##########.....
.........# ######
...?...##


You could see Grinder and a kobold (wandering).

Vanquished Creatures
  A gnoll (D:1)
  2 adders
  A worm (D:2)
  A dart slug (D:2)
  2 endoplasms
  A giant cockroach (D:3)
  2 goblins (D:1)
  2 hobgoblins
  5 jackals
  2 kobolds (D:2)
  A quokka (D:2)
  A ball python (D:1)
  4 bats
  2 frilled lizards
  3 rats
30 creatures vanquished.

Vanquished Creatures (others)
  3 plants (D:1)
3 creatures vanquished.

Grand Total: 33 creatures vanquished

Notes
Turn   | Place    | Note
-------+----------+-------------------------------------------
     0 | D:1      | sking99 the Ogre Air Elementalist began the quest for the
                  | Orb.
     0 | D:1      | Reached XP level 1. HP: 16/16 MP: 3/3
    57 | D:1      | Reached skill level 1 in Conjurations
   233 | D:1      | Reached XP level 2. HP: 26/26 MP: 0/5
   290 | D:1      | Learned a level 2 spell: Static Discharge
   312 | D:1      | Reached skill level 1 in Fighting
   850 | D:2      | Found Acwaurum's Jewellery Emporium.
   884 | D:2      | Found a blossoming altar of Fedhas.
   900 | D:2      | Reached XP level 3. HP: 21/33 MP: 0/7
  1037 | D:2      | Became a worshipper of Fedhas Madash
  1075 | D:2      | Learned a level 2 spell: Poisonous Vapours
  1705 | D:2      | You fall into a shaft and drop 1 floor!
  2507 | D:3      | Reached XP level 4. HP: 41/41 MP: 1/8
  2662 | D:3      | Noticed Grinder
  2855 | D:3      | Noticed Sigmund
  3206 | D:3      | Quit the game

Illustrated notes

Levels and vault maps discovered:
D:1:      amcnicky_arrival_underground_garden, layout_rooms,
          serial_bayou_crossing
D:2:      layout_basic, basic_altar, serial_shops, shop
D:3:      layout_rooms, shapermc_ecumenical_altar_pompeii, uniq_sigmund,
          uniq_grinder

Skill      XL: |  1  2  3  4 |
---------------+-------------+-----
Conjurations   | 1 2 |  2.0
Air Magic      | 3 |  3.3
Fighting       | 1 |  1.6
Spellcasting   | 3 |  3.0
Dodging        | |  1.7
Stealth        | |  1.4
Poison Magic   | |  0.2

Action                   |  1- 3 |  4- 6 || total
-------------------------+-------+-------++-------
Melee: Unarmed           |     7 |     1 ||     8
 Cast: Shock             |    45 |     8 ||    53
       Poisonous Vapours |    27 |    10 ||    37
  Use: Potion            |       |     3 ||     3
Armor: Robe              |     6 |       ||     6
Dodge: Dodged            |    11 |       ||    11
